 Dungeon Crawl Stone Soup version 0.30-a0-870-gc5d4c5acee (webtiles) character file.

Game seed: 6369804300886877798

704 BigDaddyOpFi the Magician (level 7, -8/36 HPs)
             Began as a Deep Elf Earth Elementalist on Mar 12, 2023.
             Mangled by Duvessa
             ... wielding a +0 short sword
              (10 damage)
             ... on level 5 of the Dungeon.
             The game lasted 00:04:50 (3506 turns).

BigDaddyOpFi the Magician (DEEE)                    Turns: 3506, Time: 00:04:50

Health: -8/36      AC:  6    Str:  5    XL:     7   Next: 39%
Magic:  1/17       EV: 13    Int: 20    God:
Gold:   230        SH:  0    Dex: 15    Spells: 13/17 levels left

rFire   + . .      SeeInvis .    p - +2 dagger (venom)
rCold   . . .      Faith    .    (no shield)
rNeg    . . .      Spirit   .    a - +2 robe
rPois   .          Reflect  .    (no helmet)
rElec   .          Rampage  .    i - +0 cloak
rCorr   .                        d - +0 pair of gloves
Will    .....                    y - +0 pair of boots
Stlth   ++                       (no amulet)
HPRegen 0.26/turn                c - ring of wizardry
MPRegen 0.15/turn                x - ring of protection from fire

@: flying, invisible
A: deformed body, dopey 1
a: no special abilities


You were on level 5 of the Dungeon.
You visited 1 branch of the dungeon, and saw 5 of its levels.

You collected 230 gold pieces.

Inventory:

Hand Weapons
 f - a +0 hand axe
 p - a +2 dagger of venom (weapon)
Missiles
 e - a throwing net
Armour
 a - a +2 robe (worn)
 d - a +0 pair of gloves (worn)
 i - a +0 cloak (worn)
 y - a +0 pair of boots (worn)
Jewellery
 c - a ring of wizardry (left hand)
 x - a ring of protection from fire (right hand)
 A - an amulet of faith
Wands
 s - a wand of charming (12)
 w - a wand of mindburst (6)
Scrolls
 j - a scroll of fear
 m - a scroll of enchant weapon {unknown}
 o - a scroll of enchant armour
 r - a scroll of noise {unknown}
 t - 2 scrolls of magic mapping {unknown}
 u - 2 scrolls of identify {unknown}
 v - 2 scrolls of immolation {unknown}
 z - a scroll of torment {unknown}
Potions
 b - a potion of magic
 g - 2 potions of flight
 k - a potion of ambrosia {unknown}
 l - 2 potions of heal wounds {unknown}
 n - a potion of might {unknown}
 q - 3 potions of curing {unknown}


   Skills:
 - Level 3.5 Dodging
 - Level 3.7 Stealth
 + Level 5.9 Spellcasting
 * Level 4.6 Conjurations
 - Level 2.5 Transmutations
 + Level 5.4 Earth Magic


You had 13 spell levels left.
You knew the following spells:

 Your Spells              Type           Power      Damage    Failure   Level
a - Sandblast             Erth           54%        2d13      1%          1
b - Stone Arrow           Conj/Erth      52%        3d10      1%          3

Your spell library contained the following spells:

 Spells                   Type           Power      Damage    Failure   Level
 Passwall                 Tmut/Erth      17%        N/A       1%          2
 Ensorcelled Hibernation  Hex/Ice        10%        N/A       6%          2
 Petrify                  Tmut/Erth      21%        N/A       9%          4
 Swiftness                Air            5%         N/A       13%         3


Dungeon Overview and Level Annotations

Branches:
Dungeon (5/15)
 Temple: D:4-7

Altars:
Sif Muna

Shops:
D:2 !

Annotations:
D:5 Duvessa


Innate Abilities, Weirdness & Mutations

Armour fits poorly on your strangely shaped body.
You are dopey. (Int -2)


Message History

Confirm with . or Enter, or press ? or * to list all spells.
Aiming: Stone Arrow (safe; 1% risk of failure)
Press: ? - help, Shift-Dir - straight line, f/p - Duvessa
Aim: Duvessa, wielding a +0 short sword and wearing a +0 leather armour (berserk, 75% to hit)
The stone arrow hits Duvessa.
Duvessa is lightly wounded.
Duvessa hits you but does no damage. Duvessa hits you with a +0 short sword!
Casting: Stone Arrow (safe; 1% risk of failure)
Confirm with . or Enter, or press ? or * to list all spells.
Aiming: Stone Arrow (safe; 1% risk of failure)
Press: ? - help, Shift-Dir - straight line, f/p - Duvessa
Aim: Duvessa, wielding a +0 short sword and wearing a +0 leather armour (lightly wounded, berserk, 75% to hit)
The stone arrow hits Duvessa!
Duvessa is moderately wounded.
Duvessa barely misses you.
Casting: Stone Arrow (safe; 1% risk of failure)
Confirm with . or Enter, or press ? or * to list all spells.
You don't have enough magic to cast this spell.
Casting: Stone Arrow (safe; 1% risk of failure)
Confirm with . or Enter, or press ? or * to list all spells.
Aiming: Sandblast (safe; 1% risk of failure)
Press: ? - help, Shift-Dir - straight line, f/p - Duvessa
Aim: Duvessa, wielding a +0 short sword and wearing a +0 leather armour (moderately wounded, berserk, 85% to hit)
The blast of sand hits Duvessa!
Duvessa is heavily wounded.
Duvessa hits you with a +0 short sword. Duvessa hits you with a +0 short sword!
* * * LOW HITPOINT WARNING * * *
It was a potion of flight.
You feel very buoyant.
You fly up into the air.
Duvessa hits you with a +0 short sword.
* * * LOW HITPOINT WARNING * * *
Duvessa completely misses you.
Okay, then.
As you read the scroll labelled WOHI QYDWAISU, it crumbles to dust.
You assume a fearsome visage.
Duvessa is unaffected.
It was a scroll of fear.
Duvessa barely misses you.
It was a potion of invisibility.
You fade into invisibility!
Duvessa hits you with a +0 short sword!
You die...

.#.....##.##........#
.......#..#..##......
.............#.$....# #
....####..........## ..
..#...#............##...
.##...........##........
.##.....................
.##.....................
............###.@.......
.............##.e)......
.............##.........
.<........#.............
###......#####.........#
....##.. #.###.....# ..
.....# ... .##.##


You could see Duvessa (berserk, unable to see you).

Vanquished Creatures
  Grinder (D:5)
  A bullfrog (D:5)
  2 scorpions
  Dowan (D:5)
  A hound (D:5)
  A jelly (D:3)
  An iguana (D:4)
  An orc wizard (D:3)
  4 gnolls (D:2)
  6 adders
  A worm (D:3)
  4 dart slugs
  3 orcs (D:3)
  6 ball pythons
  8 endoplasms
  6 giant cockroaches
  2 goblins
  6 hobgoblins
  4 jackals (D:1)
  A quokka (D:3)
  2 bats
  A frilled lizard (D:2)
  2 kobolds
  8 rats
73 creatures vanquished.

Vanquished Creatures (others)
  6 plants (D:3)
6 creatures vanquished.

Grand Total: 79 creatures vanquished

Notes
Turn   | Place    | Note
-------+----------+-------------------------------------------
     0 | D:1      | BigDaddyOpFi the Deep Elf Earth Elementalist began the
                  | quest for the Orb.
     0 | D:1      | Reached XP level 1. HP: 10/10 MP: 6/6
   119 | D:1      | Reached XP level 2. HP: 4/15 MP: 0/8
   716 | D:2      | Reached XP level 3. HP: 19/19 MP: 7/10
   830 | D:2      | Found a shimmering blue altar of Sif Muna.
   868 | D:2      | Found Keuqiragik's Distillery.
  1165 | D:2      | Gained mutation: You are dopey. (Int -2) [potion of
                  | mutation]
  1165 | D:2      | Gained mutation: Armour fits poorly on your strangely
                  | shaped body. [potion of mutation]
  1170 | D:2      | Reached XP level 4. HP: 24/24 MP: 6/11
  1486 | D:2      | Learned a level 3 spell: Stone Arrow
  1858 | D:3      | Reached XP level 5. HP: 28/28 MP: 5/13
  2095 | D:3      | Reached skill level 1 in Conjurations
  2738 | D:4      | Reached XP level 6. HP: 32/32 MP: 11/15
  3269 | D:5      | Entered Level 5 of the Dungeon
  3336 | D:5      | Noticed Grinder
  3348 | D:5      | Reached skill level 5 in Spellcasting
  3348 | D:5      | Killed Grinder
  3349 | D:5      | Reached skill level 5 in Earth Magic
  3349 | D:5      | Reached XP level 7. HP: 36/36 MP: 2/17
  3492 | D:5      | Noticed Dowan
  3495 | D:5      | Noticed Duvessa
  3499 | D:5      | Killed Dowan
  3506 | D:5      | Mangled by Duvessa

Illustrated notes

Levels and vault maps discovered:
D:1:      dpeg_chamrin_arrival_tetris, layout_rooms
D:2:      layout_loops_ring, basic_altar, serial_shops, nicolae_shop_statue_plus
D:3:      minmay_wonky_spiral, layout_loops_corners, serial_bayou_ford_a
D:4:      layout_gridville
D:5:      layout_cave_pools, minmay_temple_entry_overgrown, uniq_grinder,
          uniq_duvessa

Skill      XL: |  1  2  3  4  5  6 |
---------------+-------------------+-----
Stealth        | 3 |  3.7
Dodging        | 3 |  3.5
Transmutations | 2 |  2.5
Spellcasting   | 4 5 |  5.9
Earth Magic    | 4 5 |  5.4
Conjurations   | 2 4 |  4.6

Action                     |  1- 3 |  4- 6 |  7- 9 || total
---------------------------+-------+-------+-------++-------
  Melee: Unarmed           |     1 |     1 |       ||     2
         Hand axe          |       |     6 |       ||     6
         Dagger            |       |     3 |       ||     3
   Cast: Sandblast         |    44 |    60 |     6 ||   110
         Stone Arrow       |       |     3 |     5 ||     8
    Use: Scroll            |     3 |       |     1 ||     4
         Potion            |     1 |     1 |     2 ||     4
   Stab: Sleeping          |       |     1 |       ||     1
 Armour: Robe              |     7 |     9 |     1 ||    17
         Skin              |       |    27 |       ||    27
  Dodge: Dodged            |    37 |    22 |     6 ||    65

Table legend: (Time is in decaauts)
 A = Elapsed time spent in this place.
 B = Non-inter-level travel time spent in this place.
 C = Inter-level travel time spent in this place.
 D = Time resting spent in this place.
 E = Time spent auto-exploring this place.
 F = Levels seen in this place.
 G = Mean time per level.
                   A        B        C        D        E       F      G
               +--------+--------+--------+--------+--------+-----+--------+
         Total |   3562 |   3432 |    130 |     75 |   2813 |   5 |  712.4 |
       Dungeon |   3562 |   3432 |    130 |     75 |   2813 |   5 |  712.4 |
               +--------+--------+--------+--------+--------+-----+--------+

Top non-repeatable levels by time:
     D:3: 1136 daAuts
     D:2: 890 daAuts
     D:1: 666 daAuts
     D:4: 624 daAuts
     D:5: 244 daAuts
